 Dungeon Crawl Stone Soup version 0.31.0-9-g3a7656b989 (webtiles) character file.

Game seed: 13115908871234882339

317 Bnni the Chopper (level 6, -7/51 HPs)
             Began as a Formicid Fighter on Feb 3, 2024.
             Killed by psychic fangs
             ... invoked by a brain worm
              (16 damage)
             ... in a sewer.
             The game lasted 00:05:25 (2235 turns).

Bnni the Chopper (Formicid Fighter)                 Turns: 2235, Time: 00:05:26

Health: -7/51      AC: 11    Str: 23    XL:     6   Next: 74%
Magic:  1/15       EV:  6    Int: 10    God:
Gold:   115        SH:  5    Dex: 13    Spells: 5/5 levels left

rFire   . . .        a - +0 war axe
rCold   . . .        c - +0 buckler
rNeg    . . .        l - +0 plate armour
rPois   .            (helmet unavailable)
rElec   .            (no cloak)
rCorr   .            (no gloves)
SInv    +            (no boots)
Will    .....        (no amulet) Stlth
                     n - ring of Virasaiqi {MP+9 Int+3}
HPRegen 0.28/turn    (no ring)
MPRegen 0.14/turn

%: no passive effects
@: no status effects
A: permanent stasis, dig shafts and tunnels, antennae 3, four strong arms
a: Dig


You were in a sewer.
You visited 1 branch of the dungeon, and saw 3 of its levels.
You also visited: Sewer.

You collected 115 gold pieces.

Inventory:

Hand Weapons
 a - a +0 war axe (weapon)
Missiles
 p - a curare-tipped dart
Armour
 c - a +0 buckler (worn)
 l - a +0 plate armour (worn)
Jewellery
 n - the ring of Virasaiqi (left hand) {MP+9 Int+3}
   (You took it off a hobgoblin on level 3 of the Dungeon)

   [ring of magical power]

   Int+3:     It affects your intelligence (+3).
   MP+9:      It affects your magic capacity (+9).
Scrolls
 e - 4 scrolls of identify {unknown}
 f - a scroll of vulnerability {unknown}
 g - 3 scrolls of poison {unknown}
 h - a scroll of amnesia {unknown}
 i - a scroll of blinking {unknown}
 j - a scroll of fog {unknown}
 m - a scroll of noise {unknown}
 o - a scroll of enchant armour {unknown}
Potions
 b - a potion of magic {unknown}
 d - 2 potions of might
 k - a potion of invisibility {unknown}


   Skills:
 + Level 5.1 Fighting
 * Level 5.5 Axes
 - Level 3.2 Armour
 - Level 4.0 Shields


You had 5 spell levels left.
You didn't know any spells.
Your spell library was empty.

Dungeon Overview and Level Annotations

Branches:
Dungeon (3/15)              Sewer (1/1)

Altars:

Shops:
D:1 (


Innate Abilities, Weirdness & Mutations

You cannot be hasted, slowed, berserked, paralysed or teleported.
You can dig through walls and to a lower floor.
You have a pair of large antennae on your head. (SInv)
Your four strong arms can wield two-handed weapons with a shield.


Message History

The brain worm is severely wounded.
You hit the kobold.
The brain worm's bulging head throbs.
Something gnaws heavily on your mind!
* * * LOW HITPOINT WARNING * * *
You feel your power leaking away. The kobold barely misses you.
Your unstable footing causes you to fumble your attack.
The brain worm bites you but does no damage.
The kobold hits you but does no damage.
Unknown command.
Okay, then.
You completely miss the brain worm.
The brain worm is heavily wounded.
You closely miss the kobold. The brain worm barely misses you.
The kobold completely misses you. The brain worm barely misses you.
Unknown command.
Your unstable footing causes you to fumble your attack.
The kobold splashes around in the water.
The brain worm bites you but does no damage.
Unknown command.
Your unstable footing causes you to fumble your attack.
The kobold hits you but does no damage. The brain worm bites you.
* * * LOW HITPOINT WARNING * * *
The kobold hits you but does no damage.
Unknown command.
You block the brain worm's attack.
The brain worm stares perplexed at its reflection in a puddle.
The brain worm bites you.
* * * LOW HITPOINT WARNING * * *
Unknown command.
You hit the brain worm but do no damage.
The brain worm is moderately wounded.
You hit the kobold.
You kill the kobold!
You hear a splash.
You hit the plant but do no damage.
The brain worm's throbbing head pulsates.
Something gnaws heavily on your mind!
You die...

#≈≈ ≈≈≈≈≈ ###≈≈≈≈≈
≈≈≈≈≈≈≈≈ ≈≈≈≈≈≈
≈≈≈≈≈≈≈ #≈≈≈≈≈ ≈≈≈≈≈≈≈
##≈≈≈≈ ≈≈≈≈≈≈ ##...~~
≈≈≈≈≈≈
#.~..~###########~.≈≈≈
#..~Pw)~~~~~~~†~~.~~.≈
##...@###########~P~.~
#.~~~~~.# #...~~~.~~.~
##.~...## ###~#~...~~~
######### #~#.~~~~.#
##..####~#~~..~.~
#.~.#.##~#..~.P.#
#####...~#.~~#....P..
#..#########~#..~~~P~
#.~~~~~~~~~#~#~~....P


You could see a brain worm.

Vanquished Creatures
  A kobold brigand (Sewer)
  An orc priest (D:3)
  Terence (D:3)
  Natasha (D:3)
  2 river rats (Sewer)
  7 adders
  A white imp (D:3)
  A dart slug (D:2)
  A ribbon worm (D:2)
  3 orcs (D:3)
  8 endoplasms
  5 giant cockroaches
  6 goblins
  4 hobgoblins
  2 jackals (Sewer)
  6 quokkas
  9 ball pythons
  6 bats
  A frilled lizard (Sewer)
  6 kobolds
  7 rats
79 creatures vanquished.

Notes
Turn   | Place    | Note
-------+----------+-------------------------------------------
     0 | D:1      | Bnni the Formicid Fighter began the quest for the Orb.
     0 | D:1      | Reached XP level 1. HP: 18/18 MP: 1/1
   151 | D:1      | Reached XP level 2. HP: 20/24 MP: 2/2
   207 | D:1      | Found Bigryr's Antique Weapon Shop.
   298 | D:1      | Reached XP level 3. HP: 21/25 MP: 3/3
   402 | D:1      | Found a faded altar of an unknown god.
   960 | D:2      | Reached XP level 4. HP: 36/37 MP: 4/4
  1542 | D:3      | Noticed Terence
  1557 | D:3      | Reached XP level 5. HP: 42/42 MP: 5/5
  1573 | D:3      | Killed Terence
  1672 | D:3      | Identified the ring of Virasaiqi {MP+9 Int+3}
  1913 | D:3      | Noticed Natasha
  1918 | D:3      | Killed Natasha
  1919 | D:3      | Reached XP level 6. HP: 46/49 MP: 6/6
  1931 | D:3      | Found a glowing drain.
  1952 | Sewer    | Entered a sewer
  1980 | Sewer    | Reached skill level 5 in Axes
  1998 | Sewer    | Reached skill level 5 in Fighting
  2235 | Sewer    | Killed from afar by a brain worm

Illustrated notes

Levels and vault maps discovered:
D:1:      tarquinn_simple_flora_water_f, layout_basic,
          shapermc_ecumenical_altar_mp_urbaneastern, serial_shops, shop,
          chequers_serial_rivers_micro_a
D:2:      layout_loops_cross
D:3:      layout_basic, nicolae_ashenzari_skybound, portal_sewer_entry_d,
          uniq_terence, uniq_robin, uniq_natasha, uniq_grinder
Sewer:    sewer_co_scattered_pipes

Skill      XL: |  1  2  3  4  5  6 |
---------------+-------------------+-----
Axes           | 3 4 5 |  5.5
Fighting       | 4 5 |  5.1
Armour         | |  3.2
Shields        | |  4.0

Action                     |  1- 3 |  4- 6 || total
---------------------------+-------+-------++-------
  Melee: War axe           |    86 |   186 ||   272
Ability: Dig               |       |     1 ||     1
 Armour: Scale mail        |    42 |    23 ||    65
         Plate armour      |       |   111 ||   111
  Dodge: Dodged            |    46 |    52 ||    98
  Block: Buckler           |    17 |    46 ||    63
